[Event "European Womens-ch 2025"]
[Site "Rhodes"]
[Date "2025.04.01"]
[Round "2.21"]
[White "Karacsonyi, Kata"]
[Black "Unuk, Laura"]
[Result "0-1"]
[Annotator "RC"]
[ECO "C55"]
[WhiteElo "2198"]
[BlackElo "2301"]
[PlyCount "96"]
[EventDate "2025.03.29"]
[EventType "swiss"]
[EventCountry "GRE"]
[SourceTitle "playchess.com"]
[Source "ChessBase"]
[SourceQuality "1"]
[TimeControl "40/5400+30:1800+30"]

1. e4 e5 2. Nf3 Nc6 3. Bc4 Nf6 4. d3 h6 5. O-O d6 6. a4 g5 7. a5 a6 8. c3 Bg7 9. Nbd2 O-O 10. h3 Ne7 11. Re1 Ng6 12. Nf1 g4 13. hxg4 Nxg4 14. N3h2 Nxh2 15. Nxh2 Kh7 16. Be3 f5 17. exf5 Bxf5 18. Bd5 c6 19. Be4 d5 20. Bxf5 Rxf5 21. Ra4 Qd7 22. Qg4 Raf8 23. Qh3 c5 24. b3 d4 25. Bd2 Qf7 26. Ng4 Nf4 27. Bxf4 Rxf4 28. f3 Qxb3 29. Rc4 dxc3 30. Nxe5 Rxc4 31. dxc4 c2 32. Qg4 Bxe5 33. Qe4+ Kg8 34. Qd5+ Rf7 35. Qxe5 Qxc4 36. Qe8+ Kh7 37. Rc1 Qd4+ 38. Kf1 Rd7 39. Qe6 Qd1+ 40. Kf2 Qd2+ 41. Qe2 Qxc1 42. Qe4+ Kg7 43. Qe5+ Kf7 44. Qf5+ Ke8 45. Qe6+ Re7 46. Qg8+ Kd7 47. Qd5+ Kc7 48. Qxc5+ Kb8 0-1

[Event "European Womens-ch 2025"]
[Site "Rhodes"]
[Date "2025.04.01"]
[Round "2.22"]
[White "Piddubna, Bozhena"]
[Black "Heinemann, Josefine"]
[Result "0-1"]
[Annotator "RC"]
[ECO "D11"]
[WhiteElo "2145"]
[BlackElo "2297"]
[PlyCount "144"]
[EventDate "2025.03.29"]
[EventType "swiss"]
[EventCountry "GRE"]
[SourceTitle "playchess.com"]
[Source "ChessBase"]
[SourceQuality "1"]
[TimeControl "40/5400+30:1800+30"]

1. d4 d5 2. c4 c6 3. Nf3 Nf6 4. Qc2 g6 5. e3 Bf5 6. Qb3 Qb6 7. Nbd2 Bg7 8. Be2 O-O 9. O-O Qc7 10. Ne5 Nbd7 11. Ndf3 Nxe5 12. Nxe5 Be6 13. Qc2 c5 14. b3 cxd4 15. exd4 Bf5 16. Bd3 Bxd3 17. Nxd3 dxc4 18. Qxc4 Rac8 19. Ne5 Qa5 20. Qe2 Qc3 21. Ba3 Qxd4 22. Rad1 Qe4 23. Qxe4 Nxe4 24. Rfe1 Bxe5 25. Rxe4 Bf6 26. Rd7 Rfd8 27. Rc4 Rxd7 28. Rxc8+ Kg7 29. g3 h5 30. h4 Rd1+ 31. Kg2 Rd2 32. Rc7 Bd4 33. Bxe7 Rxf2+ 34. Kh3 Rxa2 35. Rxb7 Re2 36. b4 Rb2 37. Rd7 Be5 38. Rd3 Rc2 39. Bc5 a6 40. Bd4 Bxd4 41. Rxd4 Rc6 42. Rd7 Rb6 43. Ra7 Kf6 44. Kg2 Ke6 45. Kf3 f6 46. Ke3 Kd5 47. Rd7+ Kc4 48. Rd4+ Kc3 49. Rf4 Re6+ 50. Kf2 f5 51. Kf1 Re4 52. Rf2 Rxb4 53. Rf3+ Kc4 54. Re3 Rb6 55. Ra3 Kb4 56. Ra1 a5 57. Rb1+ Kc5 58. Ra1 Ra6 59. Kf2 a4 60. Kf3 a3 61. Kf4 Kb4 62. Kg5 Kb3 63. Rb1+ Kc2 64. Ra1 Kb2 65. Rf1 a2 66. Rf2+ Kc3 67. Rxa2 Rxa2 68. Kxg6 Rg2 69. Kxh5 Rxg3 70. Kh6 f4 71. h5 f3 72. Kh7 f2 0-1

[Event "European Womens-ch 2025"]
[Site "Rhodes"]
[Date "2025.04.01"]
[Round "2.23"]
[White "Radeva, Viktoria"]
[Black "Bochnickova, Andrea"]
[Result "1-0"]
[Annotator "RC"]
[ECO "B33"]
[WhiteElo "2297"]
[BlackElo "2051"]
[PlyCount "73"]
[EventDate "2025.03.29"]
[EventType "swiss"]
[EventCountry "GRE"]
[SourceTitle "playchess.com"]
[Source "ChessBase"]
[SourceQuality "1"]
[TimeControl "40/5400+30:1800+30"]

1. e4 c5 2. Nf3 Nc6 3. d4 cxd4 4. Nxd4 Nf6 5. Nc3 e5 6. Ndb5 d6 7. Bg5 a6 8. Na3 b5 9. Nd5 Be7 10. Bxf6 Bxf6 11. c4 b4 12. Nc2 Rb8 13. b3 O-O 14. h4 Be6 15. g3 a5 16. Bd3 Bxd5 17. cxd5 Nd4 18. Nxd4 exd4 19. Kf1 Rc8 20. Kg2 Rc3 21. f4 Qd7 22. Qf3 Re8 23. Rhe1 g6 24. Re2 Bg7 25. Rae1 Qc7 26. h5 g5 27. e5 gxf4 28. gxf4 dxe5 29. fxe5 Rxe5 30. Rxe5 Bxe5 31. Qf5 f6 32. h6 Qf7 33. Kf2 Kf8 34. Rg1 Rxd3 35. Qc8+ Ke7 36. Rg7 Rc3 37. Qe6+ 1-0

[Event "European Womens-ch 2025"]
[Site "Rhodes"]
[Date "2025.04.01"]
[Round "2.24"]
[White "Golsta, Madara"]
[Black "Yao, Lan"]
[Result "0-1"]
[Annotator "RC"]
[ECO "B92"]
[WhiteElo "1979"]
[BlackElo "2294"]
[PlyCount "70"]
[EventDate "2025.03.29"]
[EventType "swiss"]
[EventCountry "GRE"]
[SourceTitle "playchess.com"]
[Source "ChessBase"]
[SourceQuality "1"]
[TimeControl "40/5400+30:1800+30"]

1. e4 c5 2. Nf3 d6 3. d4 cxd4 4. Nxd4 Nf6 5. Nc3 a6 6. Be2 e5 7. Nf3 Be7 8. Qd3 Be6 9. Bg5 Nbd7 10. O-O O-O 11. a4 h6 12. Bc1 Qc7 13. h3 Rac8 14. Rd1 Rfd8 15. Nd2 Nf8 16. Qg3 Ng6 17. Nf1 Qc6 18. Bf3 Nh7 19. Ne3 Bh4 20. Qh2 Ng5 21. Ned5 Nxf3+ 22. gxf3 Bxd5 23. Rxd5 Ne7 24. Rd1 b5 25. axb5 axb5 26. Qg2 Kh7 27. Qf1 b4 28. Nb5 d5 29. Na7 Qg6+ 30. Qg2 Qxg2+ 31. Kxg2 Rxc2 32. exd5 Rxf2+ 33. Kg1 Rxd5 34. Rxd5 Nxd5 35. Nc6 f6 0-1

[Event "European Womens-ch 2025"]
[Site "Rhodes"]
[Date "2025.04.01"]
[Round "2.25"]
[White "Zimina, Olga"]
[Black "Korenova, Martina"]
[Result "1/2-1/2"]
[Annotator "RC"]
[ECO "D02"]
[WhiteElo "2293"]
[BlackElo "2045"]
[PlyCount "121"]
[EventDate "2025.03.29"]
[EventType "swiss"]
[EventCountry "GRE"]
[SourceTitle "playchess.com"]
[Source "ChessBase"]
[SourceQuality "1"]
[TimeControl "40/5400+30:1800+30"]

1. d4 Nf6 2. Nf3 g6 3. Nbd2 d5 4. g3 Bg7 5. Bg2 O-O 6. O-O Ne4 7. Nxe4 dxe4 8. Ne5 f6 9. Nc4 Be6 10. Ne3 f5 11. d5 Bf7 12. f3 exf3 13. Bxf3 Nd7 14. c4 Ne5 15. Bg2 c6 16. Qb3 Qb6 17. Kh1 Rfd8 18. Rd1 Rd7 19. Bd2 e6 20. dxc6 Nxc6 21. Qxb6 axb6 22. Bc3 Rxd1+ 23. Nxd1 Nd4 24. e3 Nb3 25. Bxb7 Ra7 26. Rb1 Rxa2 27. Bc6 Ra7 28. Nf2 Bxc3 29. bxc3 Nd2 30. Rxb6 Nxc4 31. Rb8+ Kg7 32. e4 Ne3 33. h4 Rc7 34. Rb6 Nc4 35. Ra6 Ne5 36. Ba8 Rxc3 37. Kg2 Rc2 38. Kf1 Kf6 39. Ra7 h6 40. Ra6 Be8 41. Kg1 Bc6 42. Bxc6 Nxc6 43. Ra8 fxe4 44. Nxe4+ Ke5 45. Nf2 h5 46. Ra4 Rd2 47. Nh3 Nd4 48. Ra5+ Kf6 49. Ng5 Rd1+ 50. Kf2 e5 51. Ne4+ Kf5 52. Nd6+ Ke6 53. Nc4 Nc6 54. Rc5 Ne7 55. Rxe5+ Kf6 56. Ra5 Rb1 57. Ra6+ Kf5 58. Ne3+ Ke5 59. Kf3 Rb3 60. Ra5+ Ke6 61. Ra6+ 1/2-1/2

[Event "European Womens-ch 2025"]
[Site "Rhodes"]
[Date "2025.04.01"]
[Round "2.26"]
[White "Tsolakidou, Stavroula"]
[Black "Kosma, Maria"]
[Result "1-0"]
[Annotator "TA"]
[ECO "A14"]
[WhiteElo "2445"]
[BlackElo "1826"]
[PlyCount "59"]
[EventDate "2025.03.29"]
[EventType "swiss"]
[EventCountry "GRE"]
[SourceTitle "playchess.com"]
[Source "ChessBase"]
[SourceQuality "1"]
[TimeControl "40/5400+30:1800+30"]

1. c4 e6 2. g3 d5 3. Bg2 Nf6 4. Nf3 Be7 5. O-O O-O 6. d3 c5 7. Ne5 $1 {[%emt 0:00:45][%mdl 4] is recently more successful than 7.Nc3. A14: English Opening: 1...e6 with b3 by White.} Qc7 8. f4 Rd8 9. Nc3 {[%emt 0:00:31] The position is equal.} a6 {[%emt 0:02:02] Dodges Nb5} 10. e4 $146 (10. Qe1 b5 11. cxb5 axb5 12. Nxb5 Qb6 13. a4 Ba6 14. Bd2 Bxb5 15. axb5 Rxa1 16. Qxa1 Qxb5 {½-½ Yu,Y (2720)-Giri,A (2762) Shenzhen Longgang 5th 2024 (7)}) 10... dxe4 11. Nxe4 Nxe4 12. Bxe4 Bf6 (12... Bd6 $142) 13. Qe2 g6 (13... Nd7 $5) 14. Bd2 Bg7 {[%emt 0:04:27][%cal Of7f6] Black wants to play ...f6!.} 15. Bg2 Nd7 16. Rae1 Qd6 17. Ba5 Re8 18. h4 f6 (18... Rb8 $11) 19. Ng4 {[%emt 0:04:52] White has more active pieces.} (19. Nxd7 $16 {and Nb6 should not be overlooked} Bxd7 20. Bxb7) 19... Rb8 $11 20. Kh2 b5 21. f5 h5 $2 {[%emt 0:06:57] [#] Black cannot hold the game after this.} (21... gxf5 $15 {keeps the upper hand.} 22. Rxf5 Bb7) 22. Ne3 $1 $18 (22. Nf2 gxf5 23. Qxh5 Re7 $11) 22... Bb7 (22... exf5 $142 23. Nxf5 Rxe2 24. Nxd6 Rxb2) 23. fxg6 Nf8 (23... Bxg2 $142 24. Kxg2 (24. Nxg2 f5 $16) 24... f5 25. Qxh5 Nf6) 24. Bxb7 ({Weaker is} 24. Qxh5 Bxg2 25. Nxg2 bxc4 $18) 24... Rxb7 {[%emt 0:00:05] [#]} 25. Nf5 {[%emt 0:00:17][%mdl 512] Against Ree7} exf5 (25... Qd7 26. Bc3) 26. Qxe8 bxc4 (26... Qxd3 $142 27. Qe2 Qxe2+ 28. Rxe2 Nxg6 29. Rxf5 Ne5) 27. dxc4 Rxb2+ 28. Re2 Rb8 (28... Rxe2+ $18 29. Qxe2 Nxg6 30. Qe8+ (30. Rxf5 Ne5 $18) (30. Qxh5 Qd3 $18) 30... Nf8 31. Qxh5 Qe5 32. Rxf5 Qb2+ 33. Kh3 Qc1) 29. Qf7+ Kh8 30. Re7 {[%emt 0:02:20] Weighted Error Value: White=0.36/Black=0.85  Loses game:     	---       	Black=1      Mistake:       	White=1     	Black=5      Inaccurate:     	White=3     	Black=2      OK:         	White=8     	Black=8      Strong:       	White=1     	---} (30. Rxf5 $142 Qe5 31. Rexe5 (31. Rfxe5 fxe5 32. Bc7 Rb7 33. Rxe5 Bh6 34. g7+ Bxg7 35. Rxh5+ Nh7 36. Qe8+ Bf8 37. Qxf8#) 31... Rb2+ 32. Kh3 Bh6 33. Rxh5 (33. Rxf6 Rb1 34. g7+ Bxg7 35. Rxh5+ Nh7 36. Qe8+ Bf8 37. Qxf8#) (33. Qxf6+ Kg8 34. Qf7+ Kh8 35. Rxh5 Rh2+ 36. Kxh2 Nxg6 37. Rxh6#) 33... Rh2+ 34. Kxh2 fxe5 35. Qxf8#) 1-0

[Event "European Womens-ch 2025"]
[Site "Rhodes"]
[Date "2025.04.01"]
[Round "2.27"]
[White "Chelushkina, Irina"]
[Black "Wagner, Dinara"]
[Result "0-1"]
[Annotator "RC"]
[ECO "A13"]
[WhiteElo "2134"]
[BlackElo "2440"]
[PlyCount "124"]
[EventDate "2025.03.29"]
[EventType "swiss"]
[EventCountry "GRE"]
[SourceTitle "playchess.com"]
[Source "ChessBase"]
[SourceQuality "1"]
[TimeControl "40/5400+30:1800+30"]

1. Nf3 d5 2. c4 e6 3. g3 dxc4 4. Qa4+ Nd7 5. Qxc4 a6 6. d3 Ngf6 7. Qc2 b6 8. Bg2 Bb7 9. O-O c5 10. b3 Be7 11. Bb2 O-O 12. Nbd2 Rc8 13. Rfe1 Nb8 14. Rad1 Nc6 15. Qb1 b5 16. Rc1 Qb6 17. Qa1 Rfd8 18. h3 h6 19. Ne4 Nxe4 20. dxe4 Bf8 21. Qb1 Nd4 22. Nh2 a5 23. Nf1 Qa6 24. Rcd1 a4 25. b4 Qb6 26. e3 Nc6 27. bxc5 Bxc5 28. Rxd8+ Rxd8 29. Rd1 a3 30. Ba1 Rxd1 31. Qxd1 Nb4 32. Qb3 Qa6 33. Nd2 Qa4 34. Bf1 Qxb3 35. Nxb3 Be7 36. f3 Nxa2 37. Bxb5 Nb4 38. Kf2 f5 39. Bc4 fxe4 40. Bxe6+ Kf8 41. fxe4 Bxe4 42. Ke2 g6 43. Kd2 Bd6 44. g4 Nd3 45. Kc3 Ke7 46. Bc4 Nf2 47. Bf1 Bd5 48. Kc2 Ne4 49. Be2 Nf2 50. Bg7 Nxh3 51. Bd3 h5 52. gxh5 gxh5 53. e4 Be6 54. e5 Bb4 55. Bh6 a2 56. Na1 Nf2 57. Bg5+ Kf7 58. Be2 Kg6 59. Bd2 Bxd2 60. Kxd2 Ng4 61. Kd3 Kf5 62. Kd4 h4 0-1

[Event "European Womens-ch 2025"]
[Site "Rhodes"]
[Date "2025.04.01"]
[Round "2.28"]
[White "Javakhishvili, Lela"]
[Black "Rodshtein, Tereza"]
[Result "1-0"]
[Annotator "RC"]
[ECO "A39"]
[WhiteElo "2429"]
[BlackElo "2171"]
[PlyCount "99"]
[EventDate "2025.03.29"]
[EventType "swiss"]
[EventCountry "GRE"]
[SourceTitle "playchess.com"]
[Source "ChessBase"]
[SourceQuality "1"]
[TimeControl "40/5400+30:1800+30"]

1. Nf3 c5 2. g3 Nf6 3. Bg2 Nc6 4. c4 g6 5. O-O Bg7 6. d4 cxd4 7. Nxd4 O-O 8. Nc3 Qa5 9. Nb3 Qh5 10. e4 d6 11. Qxh5 Nxh5 12. Be3 Nb4 13. Bg5 Bf6 14. Bh6 Bg7 15. Bxg7 Nxg7 16. c5 dxc5 17. Nxc5 e5 18. Nd5 Nc6 19. Nf6+ Kh8 20. f4 exf4 21. gxf4 Ne6 22. Nb3 Kg7 23. e5 Rd8 24. Rf2 g5 25. fxg5 Nxg5 26. h4 Nh3+ 27. Bxh3 Bxh3 28. Kh2 Be6 29. Rg1+ Kf8 30. Nc5 Ke7 31. Nxe6 Kxe6 32. Nxh7 Nxe5 33. Rf6+ Kd5 34. Ng5 Rh8 35. Kg3 Rad8 36. Rf5 f6 37. Rxf6 Rhf8 38. Rd1+ Kc4 39. Rc1+ Kd3 40. Rc3+ Kd2 41. Rxf8 Rxf8 42. Rc7 Rb8 43. Nf3+ Nxf3 44. Kxf3 a5 45. h5 b5 46. h6 Rb6 47. h7 Rh6 48. Kg4 b4 49. Kg5 Rh2 50. b3 1-0

[Event "European Womens-ch 2025"]
[Site "Rhodes"]
[Date "2025.04.01"]
[Round "2.29"]
[White "Stefanova, Antoaneta"]
[Black "Abdinova, Narmin"]
[Result "1-0"]
[Annotator "RC"]
[ECO "A09"]
[WhiteElo "2426"]
[BlackElo "2165"]
[PlyCount "73"]
[EventDate "2025.03.29"]
[EventType "swiss"]
[EventCountry "GRE"]
[SourceTitle "playchess.com"]
[Source "ChessBase"]
[SourceQuality "1"]
[TimeControl "40/5400+30:1800+30"]

1. Nf3 d5 2. g3 c5 3. Bg2 Nf6 4. O-O e6 5. c4 d4 6. d3 Nc6 7. e3 h6 8. Re1 Bd6 9. exd4 cxd4 10. Na3 O-O 11. Nc2 a5 12. b3 Re8 13. Nfxd4 Nxd4 14. Nxd4 Be5 15. Nc6 bxc6 16. Rxe5 Qd4 17. Bf4 g5 18. Re4 Nxe4 19. Be3 Qd7 20. Bxe4 f5 21. Bg2 Bb7 22. Qh5 Qg7 23. Re1 Kh7 24. Bb6 Qf6 25. Bxa5 Rg8 26. b4 g4 27. Qh4 Qf7 28. h3 Rg5 29. hxg4 Rxg4 30. Qh1 Qd7 31. Bb6 Rxa2 32. b5 c5 33. Bxb7 Rxg3+ 34. Bg2 Qd4 35. Rf1 f4 36. Qh2 Rg5 37. Kh1 1-0

[Event "European Womens-ch 2025"]
[Site "Rhodes"]
[Date "2025.04.01"]
[Round "2.30"]
[White "Bochnickova, Simona"]
[Black "Daulyte-Cornette, Deimante"]
[Result "1/2-1/2"]
[Annotator "RC"]
[ECO "C41"]
[WhiteElo "2167"]
[BlackElo "2389"]
[PlyCount "103"]
[EventDate "2025.03.29"]
[EventType "swiss"]
[EventCountry "GRE"]
[SourceTitle "playchess.com"]
[Source "ChessBase"]
[SourceQuality "1"]
[TimeControl "40/5400+30:1800+30"]

1. e4 d6 2. d4 Nf6 3. Nc3 e5 4. Nf3 Nbd7 5. Bc4 Be7 6. O-O O-O 7. h3 c6 8. a4 h6 9. Ba2 Re8 10. Be3 exd4 11. Bxd4 Nf8 12. Qd2 Be6 13. Rfd1 Bxa2 14. Rxa2 Ng6 15. Ne1 Bf8 16. f3 d5 17. exd5 Nxd5 18. Ne4 Ndf4 19. Be3 Qxd2 20. Bxd2 Rad8 21. Raa1 f5 22. Ng3 Bc5+ 23. Kf1 Rd5 24. Bxf4 Nxf4 25. Rxd5 Nxd5 26. Nxf5 Re5 27. g4 Nf4 28. Nd3 Nxd3 29. cxd3 Bb4 30. d4 Ra5 31. b3 h5 32. Rd1 Kf7 33. f4 hxg4 34. hxg4 g6 35. Ne3 Bd6 36. Ng2 b5 37. axb5 cxb5 38. Ke2 Ra3 39. Rd3 a5 40. Ke3 Ra1 41. Ke4 a4 42. bxa4 bxa4 43. Kd5 Be7 44. Ne3 a3 45. Nc2 Rg1 46. Nxa3 Rxg4 47. Ke5 Bf6+ 48. Ke4 g5 49. Rf3 Bxd4 50. Kxd4 Rxf4+ 51. Rxf4+ gxf4 52. Ke4 1/2-1/2

[Event "European Womens-ch 2025"]
[Site "Rhodes"]
[Date "2025.04.01"]
[Round "2.31"]
[White "Milliet, Sophie"]
[Black "Yildiz, Elif Zeren"]
[Result "1-0"]
[Annotator "RC"]
[ECO "E05"]
[WhiteElo "2371"]
[BlackElo "2160"]
[PlyCount "117"]
[EventDate "2025.03.29"]
[EventType "swiss"]
[EventCountry "GRE"]
[SourceTitle "playchess.com"]
[Source "ChessBase"]
[SourceQuality "1"]
[TimeControl "40/5400+30:1800+30"]

1. d4 Nf6 2. c4 e6 3. g3 d5 4. Bg2 Be7 5. Nf3 O-O 6. O-O dxc4 7. Qc2 b5 8. a4 b4 9. Nfd2 Nd5 10. Nxc4 c5 11. dxc5 Bxc5 12. e4 Nb6 13. Rd1 N8d7 14. Nxb6 axb6 15. Nd2 Bb7 16. Nb3 Qe7 17. Bf4 Rfc8 18. Qd2 Bc6 19. Nxc5 bxc5 20. Bd6 Qd8 21. b3 Qb6 22. Rac1 Ra5 23. Qe3 h6 24. Bf1 Qa7 25. h4 Qb6 26. Be2 Qb7 27. f3 Qb6 28. Kf2 Qa7 29. g4 Bb7 30. h5 Ba6 31. Bxa6 Rxa6 32. Rc4 f6 33. f4 e5 34. g5 exf4 35. Qxf4 Ne5 36. Qf5 Qd7 37. Bxe5 Qxf5+ 38. exf5 fxe5 39. g6 Rf6 40. Ke3 Rxf5 41. Rd7 Rxh5 42. Rxc5 Rh3+ 43. Ke4 Rh4+ 44. Kd5 Re8 45. Rcc7 Rd4+ 46. Kc5 Rxd7 47. Rxd7 e4 48. a5 e3 49. Rd1 e2 50. Re1 Kf8 51. Kxb4 h5 52. Kc4 h4 53. b4 h3 54. a6 Rc8+ 55. Kb5 h2 56. a7 Re8 57. Kc5 Rc8+ 58. Kb6 Re8 59. b5 1-0

[Event "European Womens-ch 2025"]
[Site "Rhodes"]
[Date "2025.04.01"]
[Round "2.32"]
[White "Kiolbasa, Oliwia"]
[Black "Heinatz, Gundula"]
[Result "1-0"]
[Annotator "RC"]
[ECO "B22"]
[WhiteElo "2360"]
[BlackElo "2111"]
[PlyCount "81"]
[EventDate "2025.03.29"]
[EventType "swiss"]
[EventCountry "GRE"]
[SourceTitle "playchess.com"]
[Source "ChessBase"]
[SourceQuality "1"]
[TimeControl "40/5400+30:1800+30"]

1. e4 c5 2. Nf3 g6 3. d4 Bg7 4. c3 d5 5. e5 cxd4 6. cxd4 Nc6 7. h3 Nh6 8. Nc3 O-O 9. Bb5 f6 10. O-O a6 11. Bxc6 bxc6 12. Re1 g5 13. e6 Qd6 14. Qe2 a5 15. Na4 Nf5 16. Nc5 Rb8 17. Qc2 Nh6 18. Bd2 Rb5 19. a4 Rb8 20. Rad1 Kh8 21. Bxa5 g4 22. hxg4 Qf4 23. Nd3 Qxg4 24. Bc7 Ba6 25. Bxb8 Rxb8 26. Qxc6 Bxd3 27. Rxd3 Nf5 28. a5 Rg8 29. Qxd5 Bh6 30. Nh2 Qg6 31. a6 Bf4 32. Nf1 Nh4 33. Rg3 Bxg3 34. fxg3 Qf5 35. Ne3 Qd3 36. a7 Qd2 37. Kf1 Qd3+ 38. Kf2 Qa6 39. gxh4 Qxa7 40. Nf5 Qc7 41. Kg1 1-0

[Event "European Womens-ch 2025"]
[Site "Rhodes"]
[Date "2025.04.01"]
[Round "2.33"]
[White "Khachatryan, Anna"]
[Black "Guichard, Pauline"]
[Result "1-0"]
[Annotator "RC"]
[ECO "A34"]
[WhiteElo "2091"]
[BlackElo "2355"]
[PlyCount "151"]
[EventDate "2025.03.29"]
[EventType "swiss"]
[EventCountry "GRE"]
[SourceTitle "playchess.com"]
[Source "ChessBase"]
[SourceQuality "1"]
[TimeControl "40/5400+30:1800+30"]

1. c4 c5 2. Nc3 Nf6 3. g3 d5 4. cxd5 Nxd5 5. Bg2 Nc7 6. d3 e5 7. Be3 Be7 8. Rc1 Nd7 9. Nf3 O-O 10. O-O Rb8 11. a4 b5 12. axb5 Nxb5 13. Qa4 Nd4 14. Qxa7 Bb7 15. Nd2 Bxg2 16. Kxg2 Rxb2 17. Nc4 Rb3 18. Bxd4 cxd4 19. Nd5 Bg5 20. Rb1 Qb8 21. Qxb8 Rfxb8 22. Rxb3 Rxb3 23. Ra1 Rb5 24. Ra8+ Nf8 25. Ndb6 g6 26. Nd7 Be7 27. Re8 Bb4 28. Nxf8 Bxf8 29. Rxe5 Rb8 30. Rd5 Bg7 31. g4 h6 32. Kf3 Kf8 33. Rd7 Ke8 34. Ra7 Rd8 35. h3 Bf6 36. Rc7 Kf8 37. Nb6 Rd6 38. Nd7+ Kg7 39. Nxf6 Rxf6+ 40. Kg2 Re6 41. Kf1 Rd6 42. Ke1 Rd5 43. Kf1 h5 44. Kg2 hxg4 45. hxg4 g5 46. Kf3 Rd6 47. Rc5 f6 48. Rc2 Re6 49. Rc7+ Kg6 50. Rd7 Ra6 51. Rxd4 Ra1 52. Rd7 Rh1 53. Ke3 Rh3+ 54. f3 Rh1 55. d4 Rd1 56. Ke4 Rd2 57. e3 Rd1 58. Ra7 Rd2 59. d5 Rd1 60. Ra4 Kf7 61. Rd4 Rf1 62. d6 Ke8 63. d7+ Kd8 64. f4 Rg1 65. Kf5 gxf4 66. exf4 Rg2 67. g5 fxg5 68. fxg5 Rf2+ 69. Kg6 Rg2 70. Kf6 Rf2+ 71. Kg7 Re2 72. g6 Rg2 73. Kf7 Rf2+ 74. Kg8 Rg2 75. g7 Rg1 76. Rd5 1-0

[Event "European Womens-ch 2025"]
[Site "Rhodes"]
[Date "2025.04.01"]
[Round "2.34"]
[White "Gaponenko, Inna"]
[Black "Vidic, Teja"]
[Result "1/2-1/2"]
[Annotator "RC"]
[ECO "C68"]
[WhiteElo "2349"]
[BlackElo "2100"]
[PlyCount "100"]
[EventDate "2025.03.29"]
[EventType "swiss"]
[EventCountry "GRE"]
[SourceTitle "playchess.com"]
[Source "ChessBase"]
[SourceQuality "1"]
[TimeControl "40/5400+30:1800+30"]

1. e4 e5 2. Nf3 Nc6 3. Bb5 a6 4. Bxc6 dxc6 5. O-O Qf6 6. d4 exd4 7. Bg5 Qd6 8. Qxd4 Qxd4 9. Nxd4 Bd7 10. Nc3 Ne7 11. Rad1 O-O-O 12. f3 f6 13. Be3 Ng6 14. Nf5 Ne5 15. b3 Nf7 16. Ng3 Be7 17. Na4 b6 18. Rd2 Be6 19. Rfd1 Rxd2 20. Rxd2 Rd8 21. Rxd8+ Nxd8 22. Nh5 g6 23. Nf4 Bf7 24. Kf2 Kd7 25. Ke2 h5 26. h4 g5 27. hxg5 fxg5 28. Nd3 Bf6 29. Kd2 Ne6 30. Nc3 Bg6 31. Ne2 g4 32. fxg4 hxg4 33. Nf2 Bh4 34. g3 Be7 35. Kd3 Bh5 36. Nf4 Nxf4+ 37. Bxf4 Bc5 38. Nd1 Bf7 39. Ne3 Bxe3 40. Bxe3 c5 41. Bf4 b5 42. a3 c4+ 43. bxc4 Bxc4+ 44. Kd4 Be2 45. c3 a5 46. Bh6 a4 47. Bf8 Ke6 48. Bb4 Bc4 49. Bc5 Be2 50. Bb4 Bc4 1/2-1/2

[Event "European Womens-ch 2025"]
[Site "Rhodes"]
[Date "2025.04.01"]
[Round "2.35"]
[White "Ter-Avetisjana, Agnesa Stepania"]
[Black "Mammadova, Gulnar"]
[Result "0-1"]
[Annotator "RC"]
[ECO "B51"]
[WhiteElo "2100"]
[BlackElo "2342"]
[PlyCount "104"]
[EventDate "2025.03.29"]
[EventType "swiss"]
[EventCountry "GRE"]
[SourceTitle "playchess.com"]
[Source "ChessBase"]
[SourceQuality "1"]
[TimeControl "40/5400+30:1800+30"]

1. e4 c5 2. Nf3 d6 3. Bb5+ Nd7 4. O-O a6 5. Bd3 Ngf6 6. c3 b5 7. Bc2 Bb7 8. d3 g6 9. Re1 Bg7 10. Nbd2 O-O 11. Nf1 e5 12. d4 exd4 13. cxd4 cxd4 14. Nxd4 Re8 15. Ng3 d5 16. a4 b4 17. Bd2 dxe4 18. Bxb4 Nd5 19. Qd2 Ne5 20. Ba5 Nc4 21. Bxd8 Nxd2 22. Ba5 Nc4 23. Bc3 e3 24. Bb3 exf2+ 25. Kxf2 Ne5 26. Kg1 Nf4 27. Ne4 Ned3 28. Bxf7+ Kxf7 29. Nd6+ Kf8 30. Rxe8+ Rxe8 31. Nxe8 Kxe8 32. Nf3 Bf8 33. Kf1 Bd5 34. g3 Bxf3 35. gxf4 Kd7 36. a5 Nxf4 37. Kf2 Bd5 38. Ra4 Bc5+ 39. Ke1 g5 40. Kd2 Ne6 41. h4 h5 42. hxg5 Nxg5 43. Kd3 Ne6 44. Rh4 Be7 45. Rh2 Nf4+ 46. Kd4 Kc6 47. Ke3 Ng2+ 48. Kf2 Bc5+ 49. Kf1 Ne3+ 50. Ke1 h4 51. Bd2 Ng4 52. Rh3 Bg2 0-1

[Event "European Womens-ch 2025"]
[Site "Rhodes"]
[Date "2025.04.01"]
[Round "2.36"]
[White "Sliwicka, Alicja"]
[Black "Hapala, Elisabeth"]
[Result "0-1"]
[Annotator "RC"]
[ECO "B44"]
[WhiteElo "2342"]
[BlackElo "2092"]
[PlyCount "120"]
[EventDate "2025.03.29"]
[EventType "swiss"]
[EventCountry "GRE"]
[SourceTitle "playchess.com"]
[Source "ChessBase"]
[SourceQuality "1"]
[TimeControl "40/5400+30:1800+30"]

1. e4 c5 2. Nf3 e6 3. d4 cxd4 4. Nxd4 Nc6 5. Bf4 d6 6. Nxc6 bxc6 7. Bd3 e5 8. Be3 Nf6 9. O-O Be6 10. c4 Be7 11. Nc3 O-O 12. Qe2 Qc7 13. h3 Rad8 14. Rac1 Qb8 15. Na4 d5 16. Bc5 Rfe8 17. Bxe7 Rxe7 18. b3 d4 19. c5 g6 20. Nb2 Nh5 21. Bc4 Nf4 22. Qf3 Bxc4 23. Rxc4 Kg7 24. Rd1 Rb7 25. Kh2 Rb4 26. Rcc1 Qc8 27. Nc4 Qe6 28. Rd2 Rdb8 29. Qg4 f6 30. Nb2 R4b5 31. Rc4 Rb4 32. Rc1 R4b5 33. g3 Qxg4 34. hxg4 Ne6 35. Nd3 a5 36. f4 exf4 37. gxf4 g5 38. f5 Nc7 39. Rc4 Rd8 40. Kg3 Na6 41. Kf3 Nb4 42. Nxb4 Rxb4 43. Rxb4 axb4 44. Rd3 h5 45. gxh5 Kh6 46. Rd2 d3 47. e5 fxe5 48. Ke4 Kxh5 49. f6 Kg6 50. f7 Kxf7 51. Kf5 Rd5 52. Kxg5 Rxc5 53. Kf5 Rd5 54. Ke4 Ke6 55. Ke3 Rd4 56. Kf2 e4 57. Ke3 Ke5 58. Rh2 d2 59. Rh5+ Kd6 60. Rh6+ Kc5 0-1

[Event "European Womens-ch 2025"]
[Site "Rhodes"]
[Date "2025.04.01"]
[Round "2.37"]
[White "Bhatia, Kanishka"]
[Black "Doluhanova, Evgeniya"]
[Result "0-1"]
[Annotator "RC"]
[ECO "C54"]
[WhiteElo "2012"]
[BlackElo "2287"]
[PlyCount "120"]
[EventDate "2025.03.29"]
[EventType "swiss"]
[EventCountry "GRE"]
[SourceTitle "playchess.com"]
[Source "ChessBase"]
[SourceQuality "1"]
[TimeControl "40/5400+30:1800+30"]

1. e4 e5 2. Nf3 Nc6 3. Bc4 Bc5 4. c3 Nf6 5. d3 a6 6. a4 O-O 7. O-O d5 8. exd5 Nxd5 9. h3 Nb6 10. Bg5 Be7 11. Bxe7 Qxe7 12. Nbd2 Nxc4 13. Nxc4 Be6 14. Ncxe5 Nxe5 15. Nxe5 Bxh3 16. Re1 Be6 17. Qf3 c6 18. d4 Rfe8 19. c4 Rad8 20. Qc3 f6 21. Nd3 Qd6 22. Nc5 Bc8 23. a5 h5 24. Qf3 Qxd4 25. Qxh5 Re5 26. Rxe5 fxe5 27. Qg5 Rf8 28. Qe3 Qxb2 29. Re1 Qa2 30. Re2 Qxa5 31. Qxe5 b6 32. Nd3 Qxe5 33. Nxe5 Be6 34. c5 bxc5 35. Nxc6 Bd7 36. Ne5 Bb5 37. Rc2 Rc8 38. f4 Kf8 39. Kf2 Ke7 40. Ke3 Ke6 41. Ke4 Bc6+ 42. Nxc6 Rxc6 43. f5+ Kf6 44. Kd5 Rc8 45. g4 c4 46. Ra2 c3 47. Rxa6+ Kg5 48. Ra1 c2 49. Rc1 Kxg4 50. Ke4 Kg5 51. Rg1+ Kf6 52. Rc1 Rc7 53. Kf4 Rc4+ 54. Kg3 Kxf5 55. Kf3 g5 56. Ke3 g4 57. Kd3 Rc8 58. Ke3 Ke5 59. Kd2 Kd4 60. Ke2 Kc3 0-1